 Dungeon Crawl Stone Soup version 0.26.1-11-gd32895ea62 (webtiles) character file.

Game seed: 7120701022828830131

973 Kahsius the Slinger (level 8, -2/54 HPs)
             Began as a Halfling Hunter on May 28, 2021.
             Was an Initiate of Ashenzari.
             Slain by a hornet (12 damage)
             ... on level 6 of the Dungeon on May 31, 2021.
             The game lasted 00:19:20 (5041 turns).

Kahsius the Slinger (Halfling Hunter)               Turns: 5041, Time: 00:19:21

Health: -2/54      AC:  7    Str: 13    XL:     8   Next: 39%
Magic:  8/8        EV: 14    Int:  9    God:    Ashenzari [......]
Gold:   316        SH:  0    Dex: 17    Spells: 7/7 levels left

rFire    . . .     SeeInvis .   a - +2 hunting sling (curse)
rCold    . . .     Faith    .   (shield restricted)
rNeg     . . .     Spirit   .   c - +0 leather armour
rPois    .         Reflect  .   p - +2 helmet
rElec    .         Harm     .   (no cloak)
rCorr    +         Rampage  .   x - +0 pair of gloves
Will     +....                  (no boots)
Stlth    ++........             (no amulet)
HPRegen  0.18/turn              l - ring of willpower
MPRegen  0.11/turn              o - ring of resist corrosion

@: lethally poisoned (-2 -> -17), slowed, very slow
A: small, mutation resistance 1
a: Renounce Religion, Curse Item


You were on level 6 of the Dungeon.
You worshipped Ashenzari.
Ashenzari was noncommittal.
You visited 1 branch of the dungeon, and saw 6 of its levels.

You collected 316 gold pieces.

Inventory:

Hand Weapons
 a - a cursed +2 hunting sling (weapon)
 b - a +0 short sword
Missiles
 d - 81 sling bullets (quivered ammo)
 j - 97 stones
Armour
 c - a +0 leather armour (worn)
 p - a +2 helmet (worn)
 x - a +0 pair of gloves (worn)
Jewellery
 l - a ring of willpower (left hand)
 o - a ring of resist corrosion (right hand)
 u - an uncursed ring of resist corrosion
Wands
 y - a wand of polymorph (11)
Scrolls
 e - 4 scrolls of remove curse
 k - 5 scrolls of teleportation {unknown}
 m - 3 scrolls of magic mapping {unknown}
 n - a scroll of immolation {unknown}
 q - 3 scrolls of identify {unknown}
 v - a scroll of fog {unknown}
 w - 2 scrolls of enchant armour {unknown}
 D - a scroll of fear {unknown}
 E - a scroll of vulnerability {unknown}
Potions
 f - a potion of degeneration {unknown}
 g - 3 potions of magic {unknown}
 h - 2 potions of attraction {unknown}
 i - a potion of might {unknown}
 r - 2 potions of ambrosia {unknown}
 s - 2 potions of heal wounds {unknown}
 t - a potion of brilliance {unknown}
 z - a potion of flight {unknown}
 A - 2 potions of lignification {unknown}
 B - 2 potions of invisibility {unknown}
 C - a potion of cancellation {unknown}


   Skills:
 + Level 4.2 Fighting
 - Level 12.0 Slings
 + Level 2.7 Armour
 - Level 2.1 Dodging
 - Level 1.1 Stealth


You had 7 spell levels left.
You didn't know any spells.
Your spell library was empty.

Dungeon Overview and Level Annotations

Branches:
Dungeon (6/15)             Temple (0/1) D:5

Altars:
Ashenzari
Cheibriados
Elyvilon
Gozag
Hepliaklqana
Ru
Vehumet
Wu Jian
Zin

Annotations:
D:4 exclusion: statue


Innate Abilities, Weirdness & Mutations

You are small and have problems with some larger weapons.
You are somewhat resistant to further mutation.


Message History

Aim: a hornet (moderately wounded, 59% to hit)
You shoot a sling bullet. The sling bullet hits the hornet.
The hornet is heavily wounded.
The hornet misses you.
Fire: 83 sling bullets
Press: ? - help, Q - select action, (/) - cycle Shift-Dir - straight line, f/p - hornet
Aim: a hornet (moderately wounded, 59% to hit)
You shoot a sling bullet. The sling bullet misses the hornet.
You feel sick. The hornet stings you!
* * * LOW HITPOINT WARNING * * *
You are lethally poisoned!
You feel as though you will be slow longer.
Fire: 82 sling bullets
Press: ? - help, Q - select action, (/) - cycle Shift-Dir - straight line, f/p - hornet
Aim: a hornet (moderately wounded, 59% to hit)
You shoot a sling bullet.
The sling bullet barely misses the hornet.
* * * LOW HITPOINT WARNING * * *
You feel sick. The hornet stings you!
You die...

.......# #)#.## ##...## #
###....########....#######.##
# #.##..[........#.........#
# #.####.###.###...#########
# #.# #.# #.# ##.## # #.# #.#
#.# #.)##### # #.# #..
.......((....5. # #.#
#.+#######y..(.(.{. # #.#
#.#...#..@#.######o # #.#
#.#...#.†.#.# # #.#
###.......### #.. ###)_.###
#.# ###....)..#
#.####.#.†.#...#
###......#...#...#
....###..'#######+ #####
#.....#


You could see a hornet.

Vanquished Creatures
  An orc warrior (D:6)
  An ice beast (D:5)
  A centaur (D:5)
  A bullfrog (D:6)
  2 bullfrog zombies
  A hound (D:6)
  An iguana (D:5)
  An orc priest (D:5)
  A centaur skeleton (D:5)
  6 orc wizards
  4 worker ants
  Robin (D:2)
  7 adders
  A white imp (D:6)
  2 ufetubi
  2 oozes (D:2)
  A dart slug (D:1)
  A leopard gecko (D:3)
  13 orcs
  7 bats
  4 giant cockroaches
  16 goblins
  8 hobgoblins
  7 jackals (D:2)
  3 quokkas
  A ball python (D:3)
  4 frilled lizards
  5 kobolds
  6 rats
109 creatures vanquished.

Vanquished Creatures (others)
  2 jackals (D:5)
2 creatures vanquished.

Grand Total: 111 creatures vanquished

Notes
Turn   | Place    | Note
-------+----------+-------------------------------------------
     0 | D:1      | Kahsius the Halfling Hunter began the quest for the Orb.
     0 | D:1      | Reached XP level 1. HP: 14/14 MP: 1/1
   176 | D:1      | Reached skill level 6 in Slings
   219 | D:1      | Reached XP level 2. HP: 19/19 MP: 2/2
   869 | D:2      | Reached XP level 3. HP: 24/24 MP: 3/3
   919 | D:2      | Reached skill level 7 in Slings
  1015 | D:2      | Found an opulent altar of Gozag.
  1150 | D:2      | Reached XP level 4. HP: 22/29 MP: 4/4
  1317 | D:2      | Noticed Robin
  1324 | D:2      | Killed Robin
  1685 | D:2      | Reached skill level 8 in Slings
  1694 | D:2      | Found a hazy altar of Hepliaklqana.
  1789 | D:3      | Reached XP level 5. HP: 34/34 MP: 5/5
  1983 | D:3      | Found a white marble altar of Elyvilon.
  2214 | D:3      | Reached skill level 1 in Armour
  2495 | D:3      | Found an ornate altar of the Wu Jian Council.
  2695 | D:4      | Found a glowing silver altar of Zin.
  2713 | D:4      | Found a radiant altar of Vehumet.
  2713 | D:4      | Noticed a charred statue
  2990 | D:4      | Found a broken altar of Ashenzari.
  3005 | D:4      | Became a worshipper of Ashenzari the Shackled
  3339 | D:5      | Entered Level 5 of the Dungeon
  3366 | D:5      | Reached skill level 9 in Slings
  3366 | D:5      | Reached XP level 6. HP: 41/41 MP: 6/6
  3432 | D:5      | Found a staircase to the Ecumenical Temple.
  3517 | D:5      | Noticed an ice beast
  3535 | D:5      | Killed an ice beast
  3536 | D:5      | Reached skill level 10 in Slings
  3536 | D:5      | Reached XP level 7. HP: 33/46 MP: 7/7
  4292 | D:5      | Reached skill level 11 in Slings
  4698 | D:6      | Found a snail-covered altar of Cheibriados.
  4739 | D:6      | Reached XP level 8. HP: 54/54 MP: 8/8
  4991 | D:6      | Found a sacrificial altar of Ru.
  5005 | D:6      | Reached skill level 12 in Slings
  5028 | D:6      | Noticed a hornet
  5041 | D:6      | Slain by a hornet

Illustrated notes

Levels and vault maps discovered:
D:1:      evilmike_arrival_hilbert_curve, layout_basic, nrook_mini_backslash
D:2:      layout_loops_ring, overflow_temple_1_default, marbit_many_paths,
          uniq_robin
D:3:      layout_loops_cross, lemuel_round_altar, lemuel_coloured_pillars_altar
D:4:      layout_basic, vehumet_statue, general_overflow_altar,
          evilmike_ruin_ashenzari
D:5:      layout_basic, minmay_temple_entry_arrows, lemuel_old_faithful
D:6:      layout_loops_ring, nicolae_ru_great_annihilating_truth,
          cheibriados_altar_1, grunt_ministairs_9

Skill      XL: |  1  2  3  4  5  6  7  8 |
---------------+-------------------------+-----
Slings         | 6 7 8 9 10 11 12 | 12.0
Fighting       | 2 3 4 |  4.2
Armour         | 1 2 |  2.7
Dodging        | |  2.1
Stealth        | |  1.1

Action                   |  1- 3 |  4- 6 |  7- 9 || total
-------------------------+-------+-------+-------++-------
 Fire: Hunting sling     |    90 |   186 |   149 ||   425
Invok: Curse Item        |       |       |     1 ||     1
  Use: Scroll            |       |     2 |       ||     2
Armor: Leather armour    |    13 |    14 |     8 ||    35
Dodge: Dodged            |    19 |    32 |    26 ||    77
